 Dungeon Crawl Stone Soup version 0.21-a0-258-g4c0eb85 (webtiles) character file.

8940 tof the Grappler (level 11, 0/106 HPs)
             Began as a Troll Monk on Sept 6, 2017.
             Was the Champion of Cheibriados.
             Slain by a black bear (3 damage)
             ... summoned by an orange crystal statue
             ... on level 10 of the Dungeon.
             The game lasted 00:26:16 (7618 turns).

tof the Grappler (Troll Monk)                       Turns: 7618, Time: 00:26:17

Health: 0/106      AC:  8    Str: 36    XL:     11   Next: 16%
Magic:  0/14       EV: 13    Int: 24    God:    Cheibriados [******]
Gold:   589        SH:  0    Dex: 34    Spells: 14/14 levels left

rFire    . . .     SeeInvis .     - Unarmed
rCold    . . .     Gourm    +   n - +0 large shield
rNeg     . . .     Faith    .   F - +1 robe of the Sky {Dex+4 Slay+5}
rPois    .         Spirit   .   I - +2 hat {Int+3}
rElec    .         Reflect  .   (no cloak)
rCorr    .         Harm     .   (gloves unavailable)
MR       +....                  (boots unavailable)
Stlth    +.........             (no amulet)
HPRegen  0.67/turn              l - +4 ring of slaying
MPRegen  0.14/turn              G - ring of protection from magic

@: confused, drained, very slow
A: unfitting armour, claws 3, fast metabolism 3, gourmand, regeneration 1,
shaggy fur 1, tough skin 2
a: Bend Time, Temporal Distortion, Slouch, Step From Time, Renounce Religion


You were on level 10 of the Dungeon.
You worshipped Cheibriados.
Cheibriados was exalted by your worship.
You were very full.

You visited 1 branch of the dungeon, and saw 10 of its levels.

You collected 589 gold pieces.

Inventory:

Missiles
 k - 11 poisoned needles
 r - 5 tomahawks of returning (quivered)
Armour
 n - a +0 large shield (worn)
 F - the +1 robe of the Sky (worn) {Dex+4 Slay+5}
   (You took it off an orc on level 7 of the Dungeon)

   It affects your dexterity (+4).
   It affects your accuracy and damage with ranged weapons and melee attacks
   (+5).
 I - a +2 hat of intelligence (worn)
Jewellery
 l - a +4 ring of slaying (left claw)
 v - a +2 ring of protection
 A - an uncursed amulet of magic regeneration
 G - a ring of protection from magic (right claw)
Wands
 C - a wand of lightning (3/15)
 H - a wand of confusion (34/48)
 J - a wand of confusion (24/48)
 M - a wand of digging (8/24)
Scrolls
 c - a scroll of fear
 f - 4 scrolls of magic mapping
 h - 7 scrolls of remove curse
 i - 2 scrolls of fog
 m - a scroll of amnesia
 p - 3 scrolls of enchant weapon
 s - 3 scrolls of teleportation
 t - 3 scrolls of enchant armour
 w - a scroll of blinking
 L - 3 scrolls of vulnerability {unknown}
Potions
 a - a potion of lignification {unknown}
 d - a potion of agility {unknown}
 e - 4 potions of haste {unknown}
 j - 6 potions of curing {unknown}
 o - a potion of heal wounds {unknown}
 x - 2 potions of might {unknown}
 z - a potion of brilliance {unknown}
 D - 2 potions of cancellation {unknown}
 E - a potion of degeneration {unknown}
 K - a potion of flight {unknown}
Books
 y - a book of Maledictions

   Spells                             Type                      Level
   a - Corona                         Hexes                        1
   b - Ensorcelled Hibernation        Hexes/Ice                    2
   c - Confuse                        Hexes                        3
   d - Tukima's Dance                 Hexes                        3
   e - Dazzling Spray                 Conjuration/Hexes            3
 B - a book of Air

   Spells                             Type                      Level
   a - Shock                          Conjuration/Air              1
   b - Swiftness                      Charms/Air                   2
   c - Static Discharge               Conjuration/Air              3
   d - Airstrike                      Air                          4
   e - Lightning Bolt                 Conjuration/Air              5
Comestibles
 b - 12 bread rations
 g - 5 royal jellies
 q - 4 fruits
 u - 5 meat rations


   Skills:
 + Level 6.3(6.0) Fighting
 + Level 6.2(6.0) Dodging
 - Level 1.0(0.7) Stealth
 + Level 5.8(5.5) Shields
 * Level 10.1(9.8) Unarmed Combat
 + Level 2.4(2.1) Spellcasting
 + Level 6.2(5.9) Invocations


You had 14 spell levels left.
You didn't know any spells.

Dungeon Overview and Level Annotations

Branches:
Dungeon (10/15)            Temple (0/1) D:4            Lair (0/6) D:8
    Orc (0/2) D:10

Altars:
Ashenzari
Cheibriados
Gozag
Kikubaaqudgha
Makhleb
Okawaru
Qazlal
Ru
Sif Muna
Trog
Uskayaw
Vehumet
Yredelemnul
The Shining One

Shops:
D:5 %

Annotations:
D:10 exclusion: orange crystal statue


Innate Abilities, Weirdness & Mutations

You are too large for most types of armour.
You have claws for hands.
Your metabolism is lightning-fast.
You like to eat raw meat.
Your natural rate of healing is unusually fast.
You are covered in fur. (AC +1)
You have very tough skin. (AC +2)


Message History

* * * LOW HITPOINT WARNING * * *
The bullfrog skeleton hits you but does no damage.
The orange crystal statue fixes its piercing gaze on you.
You feel your power leaking away. The black bear bites you.
* * * LOW HITPOINT WARNING * * *
The black bear claws you.
* * * LOW HITPOINT WARNING * * *
The black bear claws you but does no damage.
The bullfrog skeleton completely misses you.
The black bear bites you!
* * * LOW HITPOINT WARNING * * *
The black bear closely misses you.
The black bear claws you but does no damage.
You're too confused!
You're too confused!
You barely miss the bullfrog skeleton. The black bear bites you!
* * * LOW HITPOINT WARNING * * *
The black bear closely misses you. The black bear claws you.
You die...

#.##.# #....### #......#
#.##.#.# #)#..#.# ......
##)#..#.#
...##.####.....#.#####
.........)).........>####
...##.####.##..#@........
...#...###.....hhZ.......
...#.......##.##.....?...
............#.##..5......
...#.......##.##..[..$...
#..#...###.#.........8...
#..#...###.#..#..........
#..#.....#.#..#..[.......
#..#...###....#..........


You could see an orange crystal statue, 2 black bears, a crimson imp and a
bullfrog skeleton.

Vanquished Creatures
  Gastronok (D:8)
  A troll (D:8)
  2 wyverns
  A spriggan (D:7)
  A basilisk (D:9)
  A hungry ghost (D:10)
  5 yaks (D:9)
  Menkaure (D:5)
  A water moccasin (D:9)
  2 orc warriors
  3 ice beasts
  2 black bears
  3 phantoms
  4 ogres
  6 centaurs
  3 wolves (D:8)
  Blork the orc (D:6)
  5 bullfrogs
  3 troll zombies (D:10)
  A wyvern skeleton (D:8)
  A water moccasin skeleton (D:8)
  4 scorpions
  11 killer bees
  7 wights
  3 howler monkeys (D:9)
  3 electric eels (D:8)
  2 centaur zombies
  A bullfrog zombie (D:7)
  3 crimson imps
  A quasit (D:9)
  10 hounds
  2 centaur skeletons
  6 orc priests
  A bullfrog skeleton (D:6)
  4 iguanas
  4 orc wizards
  7 worker ants
  A statue (D:4)
  3 ogre zombies (D:10)
  A hound zombie (D:7)
  2 hound skeletons
  3 worker ant zombies
  17 adders
  2 shadow imps
  An ooze (D:3)
  3 adder skeletons
  5 worms
  5 dart slugs
  7 leopard geckos
  23 orcs
  A ball python (D:1)
  5 giant cockroaches
  15 goblins
  3 hobgoblins
  18 jackals
  5 quokkas
  3 bats
  7 frilled lizards
  A goblin skeleton (D:10)
  3 goblin zombies (D:10)
  2 hobgoblin zombies (D:10)
  9 kobolds
  2 leopard gecko skeletons
  3 orc skeletons (D:10)
  8 orc zombies (D:10)
  8 rats
283 creatures vanquished.

Vanquished Creatures (others)
  2 orc zombies (D:10)
2 creatures vanquished.

Grand Total: 285 creatures vanquished

Notes
Turn   | Place    | Note
-------+----------+-------------------------------------------
     0 | D:1      | tof the Troll Monk began the quest for the Orb.
     0 | D:1      | Reached XP level 1. HP: 22/22 MP: 0/0
   125 | D:1      | Reached XP level 2. HP: 29/29 MP: 1/1
   539 | D:2      | Reached XP level 3. HP: 33/36 MP: 2/2
   640 | D:2      | Found an iron altar of Okawaru.
   700 | D:2      | Found a deep blue altar of Sif Muna.
   838 | D:2      | Reached skill level 4 in Unarmed Combat
  1039 | D:2      | Found an opulent altar of Gozag.
  1205 | D:3      | Reached XP level 4. HP: 44/44 MP: 3/3
  1218 | D:3      | Reached skill level 1 in Shields
  1394 | D:3      | Found a snail-covered altar of Cheibriados.
  1584 | D:3      | Became a worshipper of Cheibriados the Contemplative
  1584 | D:3      | Reached * piety under Cheibriados
  1584 | D:3      | Reached ** piety under Cheibriados
  1699 | D:3      | Reached XP level 5. HP: 50/52 MP: 4/4
  1902 | D:4      | Found a radiant altar of Vehumet.
  1903 | D:4      | Noticed a frost-covered statue
  1911 | D:4      | Killed a frost-covered statue
  2077 | D:4      | Found a staircase to the Ecumenical Temple.
  2085 | D:4      | Found a shattered altar of Ashenzari.
  2134 | D:4      | Noticed a centaur
  2145 | D:4      | Killed a centaur
  2145 | D:4      | Reached skill level 1 in Invocations
  2145 | D:4      | Reached XP level 6. HP: 36/61 MP: 4/6
  2299 | D:4      | Reached skill level 5 in Unarmed Combat
  2427 | D:4      | Found a burning altar of Makhleb.
  2597 | D:4      | Reached *** piety under Cheibriados
  2628 | D:4      | Reached XP level 7. HP: 67/67 MP: 7/7
  2715 | D:4      | Found a basalt altar of Yredelemnul.
  2857 | D:5      | Entered Level 5 of the Dungeon
  2866 | D:5      | Found a sacrificial altar of Ru.
  2880 | D:5      | Noticed Menkaure
  2888 | D:5      | Killed Menkaure
  2977 | D:5      | Reached skill level 6 in Unarmed Combat
  3034 | D:5      | Found Ahowekky's Food Shoppe.
  3043 | D:5      | Reached **** piety under Cheibriados
  3053 | D:5      | Found a stormy altar of Qazlal.
  3119 | D:5      | Reached XP level 8. HP: 39/78 MP: 9/9
  3281 | D:5      | Noticed a moth of wrath
  3292 | D:5      | Found a bloodstained altar of Trog.
  4053 | D:6      | Reached ***** piety under Cheibriados
  4121 | D:6      | Noticed Blork the orc
  4132 | D:6      | Killed Blork the orc
  4132 | D:6      | Reached skill level 7 in Unarmed Combat
  4174 | D:6      | Noticed a hand axe
  4174 | D:6      | Noticed a dagger
  4179 | D:6      | Found a hide-covered altar of Uskayaw.
  4623 | D:7      | Reached XP level 9. HP: 71/85 MP: 11/11
  5051 | D:7      | Got a heavily jewelled robe
  5062 | D:7      | Identified the +1 robe of the Sky {Dex+4 Slay+5} (You took it off an orc on level 7 of the Dungeon)
  5301 | D:7      | Reached skill level 8 in Unarmed Combat
  5387 | D:7      | Reached skill level 5 in Fighting
  5390 | D:7      | Reached skill level 5 in Dodging
  5468 | D:7      | Found a glowing golden altar of the Shining One.
  5767 | D:8      | Noticed a troll
  5778 | D:8      | Killed a troll
  5790 | D:8      | Reached skill level 1 in Spellcasting
  5811 | D:8      | Reached skill level 5 in Invocations
  5902 | D:8      | HP: 2/88 [electric eel/bolt of electricity (6)]
  6108 | D:8      | Found a staircase to the Lair.
  6113 | D:8      | Reached XP level 10. HP: 96/96 MP: 12/12
  6186 | D:8      | Found an ancient bone altar of Kikubaaqudgha.
  6208 | D:8      | Reached ****** piety under Cheibriados
  6291 | D:8      | Noticed Gastronok
  6303 | D:8      | Killed Gastronok
  6303 | D:8      | Reached skill level 5 in Shields
  6303 | D:8      | Reached skill level 9 in Unarmed Combat
  7204 | D:10     | Entered Level 10 of the Dungeon
  7258 | D:10     | Reached XP level 11. HP: 87/105 MP: 14/14
  7314 | D:10     | Reached skill level 10 in Unarmed Combat
  7427 | D:10     | Found a staircase to the Orcish Mines.
  7588 | D:10     | Noticed an orange crystal statue
  7605 | D:10     | Noticed a two-headed ogre
  7618 | D:10     | HP: 3/106 [black bear[an orange crystal statue] (9)]
  7618 | D:10     | Slain by a black bear

Vault maps used:
D:1:      ncdulo_lavacross, serial_park_tiny_pond
D:2:      overflow_temple_1_default, nicolae_overflow_hidden_temple,
          okawaru_ov_weapons_minmay
D:3:      kennysheep_slug_shrine
D:4:      overflow_temple_1_default, lemuel_round_altar, kennysheep_little_box,
          vehumet_statue, minmay_temple_entry_statues_pillars,
          minmay_ogre_servants
D:5:      kennysheep_mini, old_standard_altar, tgw_trog, serial_shops,
          nicolae_shop_trees, first_bread, uniq_menkaure
D:6:      dancing_weapons_uskayaw, uniq_blork_the_orc
D:7:      nicolae_tso_carved_into_rock, the_bakery
D:8:      erik_lair_island, basic_altar, uniq_gastronok
D:10:     zombieorc1_lemuel, minivault_16, grunt_qazlal_clouds

Skill      XL: |  1  2  3  4  5  6  7  8  9 10 11 |
---------------+----------------------------------+-----
Unarmed Combat | 4 5 6 7 8 9 10 | 10.1
Shields        | 1 2 3 4 5 |  5.8
Dodging        | 3 4 5 6 |  6.2
Fighting       | 3 4 5 6 |  6.3
Invocations    | 1 2 3 4 5 6 |  6.2
Spellcasting   | 1 2 |  2.4
Stealth        | |  1.0

Action                   |  1- 3 |  4- 6 |  7- 9 | 10-12 || total
-------------------------+-------+-------+-------+-------++-------
Melee: Unarmed           |    94 |   118 |   259 |   185 ||   656
Invok: Slouch            |       |       |       |     2 ||     2
  Use: Scroll            |     1 |       |     7 |     2 ||    10
 Stab: Sleeping          |     3 |     4 |     7 |     9 ||    23
       Distracted        |       |     1 |     3 |     2 ||     6
  Eat: Chunk             |    15 |    11 |    20 |    14 ||    60
Armor: Robe              |    23 |    16 |    39 |    21 ||    99
Dodge: Dodged            |    35 |    20 |    67 |    58 ||   180
Block: Large shield      |    12 |    77 |   215 |   154 ||   458

Table legend:
 A = Spawn XP
 B = Non-spawn XP
 C = Spawn XP percentage of total XP
 D = Spawn monster count
 E = Non-spawn monster count
 F = Spawn count percentage of total count
 G = Total turns spent on level
                    A         B        C        D         E        F      G
               +---------+---------+-------+---------+---------+-------+---------
         Total |       0 |   12772 |   0.0 |       0 |     283 |   0.0 |  7618
               +---------+---------+-------+---------+---------+-------+---------
           D:1 |       0 |      38 |   0.0 |       0 |      22 |   0.0 |   528
           D:2 |       0 |      55 |   0.0 |       0 |      19 |   0.0 |   674
           D:3 |       0 |     117 |   0.0 |       0 |      22 |   0.0 |   627
           D:4 |       0 |     676 |   0.0 |       0 |      36 |   0.0 |  1028
           D:5 |       0 |     848 |   0.0 |       0 |      29 |   0.0 |   896
           D:6 |       0 |     698 |   0.0 |       0 |      19 |   0.0 |   736
           D:7 |       0 |    1601 |   0.0 |       0 |      29 |   0.0 |  1093
           D:8 |       0 |    3613 |   0.0 |       0 |      25 |   0.0 |   898
           D:9 |       0 |    3132 |   0.0 |       0 |      36 |   0.0 |   724
          D:10 |       0 |    1994 |   0.0 |       0 |      46 |   0.0 |   414
               +---------+---------+-------+---------+---------+-------+---------
